 Dungeon Crawl Stone Soup version 0.18.1-48-g4cf74bf (webtiles) character file.

5173 matakusis the Summoner (level 10, -21/50 HPs)
             Began as a Deep Elf Summoner on June 28, 2016.
             Was an Elder of Sif Muna.
             Demolished by an orc warlord
             ... wielding a +1 vampiric great sword
              (28 damage)
             ... on level 1 of the Orcish Mines.
             The game lasted 01:19:20 (11654 turns).

matakusis the Summoner (Deep Elf Summoner)         Turns: 11654, Time: 01:19:20

Health: -21/50     AC:  6    Str:  5    XL:     10   Next: 34%
Magic:  11/28      EV: 13    Int: 24    God:    Sif Muna [****..]
Gold:   980        SH:  0    Dex: 15    Spells: 4 memorised, 22 levels left

rFire  + . .     SeeInvis +     D - staff of energy
rCold  + . .     Gourm    .     t - +0 robe {rC+ rF+}
rNeg   . . .     Faith    .     (no shield)
rPois  +         Spirit   .     (helmet restricted)
rElec  .         Dismiss  .     l - +0 cloak
rCorr  .         Reflect  .     (no gloves)
SustAt .         Harm     .     C - +0 pair of boots
MR     +....                    (no amulet)
Stlth  ++........               r - ring of wizardry
                                g - +2 ring of protection

@: about to teleport, very slightly contaminated, invisible, somewhat resistant
to hostile enchantments, unstealthy
A: antennae 1, see invisible, poison resistance
a: Channel Energy, Forget Spell, Renounce Religion


You were on level 1 of the Orcish Mines.
You worshipped Sif Muna.
Sif Muna was greatly pleased with you.
You were not hungry.

You visited 3 branches of the dungeon, and saw 13 of its levels.

You collected 980 gold pieces.

Inventory:

Hand Weapons
 n - the +1 war axe "Geradass" {antimagic, *Confuse rPois Str+7}
   (You found it on level 4 of the Dungeon)

   It disrupts the flow of magical energy around spellcasters and certain
   magical creatures (including the wielder).
   It affects your strength (+7).
   It protects you from poison.
   It may confuse you when you take damage.
 y - a +1 dagger of venom
Missiles
 h - 2 throwing nets (quivered)
Armour
 l - a +0 cloak (worn)
 t - a +0 robe of resistance (worn)
 C - a +0 pair of boots (worn)
Magical Staves
 D - an uncursed staff of energy (weapon)
Jewellery
 g - a +2 ring of protection (left hand)
 m - an uncursed ring of fire
 r - a ring of wizardry (right hand)
Wands
 d - a wand of lightning (8/15)
 q - a wand of confusion (36/48)
 v - a wand of flame (15/48)
 x - a wand of slowing (5/48)
 B - a wand of random effects (39/48)
Scrolls
 j - 3 scrolls of magic mapping
 k - 8 scrolls of identify
 s - 8 scrolls of remove curse
 F - 2 scrolls of recharging
Potions
 e - 6 potions of curing
 f - a potion of cancellation
 i - 6 potions of might
Books
 b - a book of Callings

   Spells                             Type                      Level
   a - Summon Small Mammal            Summoning                    1
   b - Call Imp                       Summoning                    2
   c - Call Canine Familiar           Summoning                    3
   d - Summon Guardian Golem          Hexes/Summoning              3
   e - Summon Lightning Spire         Summoning/Air                4
   f - Summon Ice Beast               Ice/Summoning                4
 u - a book of Alchemy

   Spells                             Type                      Level
   a - Sublimation of Blood           Necromancy                   2
   b - Ignite Poison                  Fire/Transmutation/Poison    3
   c - Petrify                        Transmutation/Earth          4
   d - Alistair's Intoxication        Transmutation/Poison         5
   e - Irradiate                      Conjuration/Transmutation    5
Comestibles
 a - a royal jelly
 c - 10 bread rations
 o - 15 fruits
 p - 5 meat rations
 z - 8 slices of pizza


   Skills:
 - Level 2.4 Dodging
 - Level 2.4 Stealth
 + Level 12.0 Spellcasting
 * Level 13.5 Summonings
 - Level 1.2 Ice Magic
 - Level 1.0 Air Magic


You had 22 spell levels left.
You knew the following spells:

 Your Spells              Type           Power        Failure   Level  Hunger
a - Summon Small Mammal   Summ           ####         0%          1    None
b - Call Imp              Summ           ######..     1%          2    None
c - Summon Lightning Spi  Summ/Air       #####...     1%          4    None
d - Summon Ice Beast      Ice/Summ       #####...     1%          4    None


Dungeon Overview and Level Annotations

Branches:
Dungeon (10/15)            Temple (1/1) D:6            Lair (0/8) D:9
    Orc (2/2) D:10
    Elf: Orc:2

Altars:
Ashenzari
Cheibriados
Dithmenos
Elyvilon
Fedhas
Gozag
Kikubaaqudgha
Makhleb
Nemelex Xobeh
Okawaru
Pakellas
Qazlal
Ru
Sif Muna
Trog
Vehumet
Xom
Yredelemnul
Zin
The Shining One
Beogh

Shops:
Orc:2 }


Innate Abilities, Weirdness & Mutations

You have a pair of small antennae on your head.
You have supernaturally acute eyesight.
Your system is resistant to poisons.


Message History

Ouch! That really hurt!
* * * LOW HITPOINT WARNING * * *
The orc warlord draws strength from your injuries!
You climb upwards.
An orc sorcerer comes into view. It is wielding a dagger.
The orc sorcerer shouts!
There is a stone staircase leading down here.
Drink which item? (? for menu, Esc to quit)
Okay, then.
Read which item? (? for menu, Esc to quit)
Okay, then.
Drink which item? (? for menu, Esc to quit)
You fade into invisibility!
You are very lightly contaminated with residual magic.
Read which item? (? for menu, Esc to quit)
As you read the scroll of teleportation, it crumbles to dust.
You feel strangely unstable.
The orc warlord hits you with a vampiric great sword!!
Ouch! That really hurt!
You die...

### #..
..####
..#.##
#....##
#@oo..#
###....#
..## ##


You could see an orc warlord and an orc sorcerer.

Vanquished Creatures
  A sky beast (D:8)
  A big kobold (D:8)
  A giant frog (D:9)
  An orc priest (D:8)
  A dart slug (D:4)
  3 bats
  A giant cockroach (D:1)
  A giant newt (D:2)
10 creatures vanquished.

Vanquished Creatures (collateral kills)
  An orc sorcerer (Orc:2)
  An orc knight (D:10)
  Joseph (D:8)
  The ghost of sudo the Slasher, a novice HECK of Xom (D:4)
  3 trolls
  A two-headed ogre (D:8)
  A wyvern (D:8)
  Sigmund (D:5)
  A spriggan (D:8)
  4 yaks
  A hungry ghost (D:9)
  A hippogriff (D:8)
  An eye of draining (D:10)
  An ice beast (D:5)
  2 sky beasts
  5 ogres
  8 orc warriors
  A wasp (D:9)
  The ghost of Malvoorn the Poker, an amateur DrSk (D:3)
  3 phantoms
  2 centaurs
  A big kobold (D:9)
  8 giant frogs
  3 scorpions
  22 killer bees
  6 wights
  7 howler monkeys
  2 jellies
  7 crimson imps
  9 hounds
  8 orc priests
  A wasp zombie (D:8)
  2 giant frog zombies
  5 giant frog skeletons
  2 iguanas
  9 orc wizards
  10 worker ants
  3 gnolls (D:6)
  12 adders
  A shadow imp (D:5)
  An adder skeleton (D:8)
  4 worms
  2 dart slugs
  5 giant geckos
  43 orcs
  8 giant cockroaches
  9 goblins
  7 hobgoblins
  15 jackals
  24 kobolds
  2 quokkas
  3 bats
  A giant gecko skeleton (D:7)
  A giant newt (D:1)
  A quokka zombie (D:10)
  4 rats
289 creatures vanquished.

Grand Total: 299 creatures vanquished

Notes
Turn   | Place    | Note
--------------------------------------------------------------
     0 | D:1      | matakusis the Deep Elf Summoner began the quest for the Orb.
     0 | D:1      | Reached XP level 1. HP: 10/10 MP: 6/6
   648 | D:1      | Reached XP level 2. HP: 9/15 MP: 4/8
   652 | D:1      | Learned a level 2 spell: Call Imp
   940 | D:2      | Reached skill level 5 in Summonings
   987 | D:2      | Found a faded altar to an unknown god.
  1298 | D:2      | Reached XP level 3. HP: 19/19 MP: 6/10
  1794 | D:3      | Noticed Malvoorn's ghost (amateur DrSk)
  1810 | D:3      | Killed Malvoorn's ghost
  1810 | D:3      | Reached XP level 4. HP: 21/24 MP: 8/12
  2357 | D:3      | Reached skill level 6 in Summonings
  2678 | D:3      | Learned a level 4 spell: Summon Lightning Spire
  2683 | D:3      | Learned a level 4 spell: Summon Ice Beast
  2701 | D:4      | Noticed an ogre
  2714 | D:4      | Killed an ogre
  2714 | D:4      | Reached skill level 5 in Spellcasting
  2714 | D:4      | Reached XP level 5. HP: 5/28 MP: 1/14
  3015 | D:4      | Got an ebony war axe
  3016 | D:4      | Identified the cursed +1 war axe "Geradass" {antimagic, *Confuse rPois Str+7} (You found it on level 4 of the Dungeon)
  3313 | D:4      | Found a shimmering altar of Xom.
  3315 | D:4      | Found a shimmering altar of Xom.
  3316 | D:4      | Found a shimmering altar of Xom.
  3317 | D:4      | Found a shimmering altar of Xom.
  3319 | D:4      | Found a shimmering altar of Xom.
  3319 | D:4      | Noticed an ogre
  3337 | D:4      | Killed an ogre
  3609 | D:4      | Reached skill level 7 in Summonings
  3609 | D:4      | Reached XP level 6. HP: 32/32 MP: 10/15
  3669 | D:4      | Noticed sudo's ghost (novice HECK)
  3719 | D:4      | Killed sudo's ghost
  3719 | D:4      | Reached skill level 1 in Ice Magic
  3863 | D:4      | Found a snail-covered altar of Cheibriados.
  3866 | D:4      | Found a glowing silver altar of Zin.
  3869 | D:4      | Found an opulent altar of Gozag.
  3872 | D:4      | Found an oddly glowing altar of Pakellas.
  4317 | D:5      | Entered Level 5 of the Dungeon
  4345 | D:5      | Reached skill level 1 in Air Magic
  4393 | D:5      | Noticed an ice beast
  4407 | D:5      | Reached XP level 7. HP: 36/36 MP: 8/18
  4408 | D:5      | Reached skill level 8 in Summonings
  4491 | D:5      | Noticed Sigmund
  4738 | D:5      | Killed Sigmund
  5531 | D:6      | Reached skill level 9 in Summonings
  5599 | D:6      | Found a staircase to the Ecumenical Temple.
  5686 | Temple   | Entered the Ecumenical Temple
  5890 | Temple   | Became a worshipper of Sif Muna the Loreminder
  5992 | D:6      | Found a shattered altar of Ashenzari.
  6008 | D:6      | Reached XP level 8. HP: 38/41 MP: 5/21
  7119 | D:7      | Found a sacrificial altar of Ru.
  7156 | D:7      | Reached skill level 10 in Summonings
  7509 | D:7      | Reached * piety under Sif Muna
  8008 | D:8      | Noticed Joseph
  8350 | D:8      | Killed Joseph
  8350 | D:8      | Reached skill level 11 in Summonings
  8350 | D:8      | Reached XP level 9. HP: 15/45 MP: 12/24
  8663 | D:8      | Reached ** piety under Sif Muna
  8713 | D:8      | Reached skill level 10 in Spellcasting
  8808 | D:8      | Gained mutation: You are partially covered in iridescent scales (AC +4). [mutagenic meat]
  8809 | D:8      | Gained mutation: Your system is resistant to poisons. [mutagenic meat]
  8811 | D:8      | Gained mutation: You have a pair of small antennae on your head. [mutagenic meat]
  8812 | D:8      | Gained mutation: You have supernaturally acute eyesight. [mutagenic meat]
  8813 | D:8      | Lost mutation: You are partially covered in iridescent scales (AC +4). [mutagenic meat]
  8997 | D:8      | Found a sparkling altar of Nemelex Xobeh.
  9479 | D:9      | Noticed a troll
  9480 | D:9      | Found a staircase to the Lair.
  9487 | D:9      | Killed a troll
  9487 | D:9      | Reached skill level 12 in Summonings
  9494 | D:9      | Reached *** piety under Sif Muna
  9795 | D:9      | Noticed a troll
  9802 | D:9      | Killed a troll
  9841 | D:9      | Identified a scroll of acquirement
 10072 | D:10     | Entered Level 10 of the Dungeon
 10189 | D:10     | Noticed an orc knight
 10196 | D:10     | Killed an orc knight
 10196 | D:10     | Reached XP level 10. HP: 35/50 MP: 16/27
 10266 | D:10     | Reached skill level 13 in Summonings
 10326 | D:10     | Found a staircase to the Orcish Mines.
 10330 | D:10     | Found a roughly hewn altar of Beogh.
 10630 | D:10     | Reached **** piety under Sif Muna
 11461 | Orc:1    | Entered Level 1 of the Orcish Mines
 11534 | Orc:2    | Entered Level 2 of the Orcish Mines
 11572 | Orc:2    | Found Qigh's Gadget Boutique.
 11615 | Orc:2    | Noticed an orc sorcerer
 11616 | Orc:2    | Noticed an orc sorcerer
 11616 | Orc:2    | Noticed an orc warlord
 11620 | Orc:2    | Noticed an orc sorcerer
 11620 | Orc:2    | Noticed an orange demon
 11635 | Orc:2    | Killed an orc sorcerer
 11638 | Orc:2    | Noticed a smoke demon
 11638 | Orc:2    | Noticed an orc high priest
 11652 | Orc:1    | Noticed an orc sorcerer
 11654 | Orc:1    | Demolished by an orc warlord

Skill      XL: |  1  2  3  4  5  6  7  8  9 10 |
---------------+-------------------------------+-----
Summonings     | 5 6 7 9 11 12 13 | 13.5
Spellcasting   | 4 5 6 7 9 11 12 | 12.0
Ice Magic      | 1 |  1.2
Air Magic      | 1 |  1.0
Dodging        | |  2.4
Stealth        | |  2.4

Action                   |  1- 3 |  4- 6 |  7- 9 | 10-12 || total
-------------------------+-------+-------+-------+-------++-------
Melee: Dagger            |    31 |    33 |    44 |       ||   108
       Staff             |       |       |       |     8 ||     8
 Cast: Summon Small Mamm |    19 |     8 |     2 |       ||    29
       Call Imp          |    31 |    21 |     7 |     1 ||    60
       Summon Lightning  |       |    10 |    63 |    21 ||    94
       Summon Ice Beast  |       |     9 |    60 |    17 ||    86
  Use: Scroll            |     7 |     1 |     8 |     2 ||    18
       Potion            |       |     8 |     9 |     2 ||    19
 Stab: Distracted        |       |       |     1 |       ||     1
  Eat: Chunk             |     3 |     6 |    24 |     3 ||    36
       Royal jelly       |       |     1 |       |       ||     1
       Pizza             |       |     1 |       |       ||     1
       Beef jerky        |       |     1 |       |     1 ||     2
       Meat ration       |       |       |     2 |       ||     2
Armor: Robe              |    10 |    10 |    16 |     3 ||    39
Dodge: Dodged            |    38 |    36 |    65 |    10 ||   149
